[ PARTIDA AOE2 · #472437199 ]
UnrankedHunos vs Persians
[ ANÁLISIS DE REPETICIÓN · EXTRAÍDO DE LA PARTIDA GRABADA ]
Feudal
13:43
Castillos
18:53
Imperial
32:42
| APM promedio | 19.6 |
| APM pico | 58 |
| eAPM promedio | 16.2 |
| Aldeanos / militares | 221 / 214 |
Foco
⚔️ 39.2% · 🌾 60.8%
Tarkan ×214 · Trade Cart ×1
Feudal
—
Castillos
—
Imperial
—
| APM promedio | 5.5 |
| APM pico | 26 |
| eAPM promedio | 3.2 |
| Aldeanos / militares | 30 / 0 |
Foco
⚔️ 10.3% · 🌾 89.7%
Feudal
11:47
Castillos
17:30
Imperial
34:56
| APM promedio | 28.9 |
| APM pico | 56 |
| eAPM promedio | 14.5 |
| Aldeanos / militares | 178 / 95 |
Foco
⚔️ 17.4% · 🌾 82.6%
Spearman ×70 · Scorpion ×17 · Trade Cart ×5 · Bombard Cannon ×4 · Monk ×2 · Mangonel ×1
Feudal
13:54
Castillos
18:04
Imperial
30:33
| APM promedio | 12.9 |
| APM pico | 53 |
| eAPM promedio | 11.4 |
| Aldeanos / militares | 94 / 139 |
Foco
⚔️ 41.0% · 🌾 59.0%
Archer ×85 · War Elephant ×41 · Bombard Cannon ×9 · Trebuchet (Packed) ×3 · Monk ×1
Feudal
13:43
Castillos
17:27
Imperial
30:05
| APM promedio | 17.9 |
| APM pico | 47 |
| eAPM promedio | 11.9 |
| Aldeanos / militares | 98 / 132 |
Foco
⚔️ 34.4% · 🌾 65.6%
Spearman ×85 · Battle Elephant ×36 · Trebuchet (Packed) ×4 · Monk ×3 · Arambai ×3 · Trade Cart ×1
Feudal
11:04
Castillos
15:56
Imperial
33:52
| APM promedio | 22.7 |
| APM pico | 47 |
| eAPM promedio | 15.9 |
| Aldeanos / militares | 158 / 225 |
Foco
⚔️ 22.4% · 🌾 77.6%
Spearman ×140 · Unknown (2550) ×116 · Kamayuk ×69 · Trade Cart ×9 · Battering Ram ×6 · Mangonel ×5
Feudal
13:02
Castillos
20:26
Imperial
35:22
| APM promedio | 13.4 |
| APM pico | 32 |
| eAPM promedio | 9.0 |
| Aldeanos / militares | 92 / 60 |
Foco
⚔️ 18.1% · 🌾 81.9%
Scorpion ×52 · Trade Cart ×20 · Trebuchet (Packed) ×6 · Monk ×2
Feudal
16:49
Castillos
—
Imperial
—
| APM promedio | 3.6 |
| APM pico | 17 |
| eAPM promedio | 2.5 |
| Aldeanos / militares | 26 / 0 |
Foco
⚔️ 10.5% · 🌾 89.5%
Mapa de la partida
Recursos al inicio + cada clic de construcción. Línea gruesa = muro · recuadro discontinuo = muro de casas detectado. 🟡 oro · ⚪ piedra · 🟢 bayas · 🔶 jabalí · ⭕ reliquia
Tu base· ✓ Cerrada en 18:53 · 10t muro
Base de Hinckley-forever· ✓ Cerrada en 14:27 · 0t muro
Base de Oberlellek· ✓ Cerrada en 17:30 · 29t muro
Base de polmob· Abierta — flanco sin cerrar
Base de xanhast· Abierta — flanco sin cerrar
Base de CastleAge· ✓ Cerrada en 15:56 · 3t muro
Base de Yogsothoth· ✓ Cerrada en 20:26 · 41t muro
Base de Newton· Abierta — flanco sin cerrar
Terreno con relieve · ⚠ = hueco de muro detectado · pasá el cursor para detalles
Inputs por minuto
— DjDsque - - Hinckley-forever
Build order — DjDsque
Primeras 150 de 604 acciones detectadas
| 0:12 | Construir | Palisade Wall |
| 0:17 | Investigar | Loom |
| 0:19 | Crear | Villager (Male) |
| 0:19 | Crear | Villager (Male) |
| 0:19 | Crear | Villager (Male) |
| 0:19 | Crear | Villager (Male) |
| 0:20 | Crear | Villager (Male) |
| 2:33 | Crear | Villager (Male) |
| 2:33 | Crear | Villager (Male) |
| 2:33 | Crear | Villager (Male) |
| 3:02 | Crear | Villager (Male) |
| 3:02 | Crear | Villager (Male) |
| 3:52 | Crear | Villager (Male) |
| 3:53 | Crear | Villager (Male) |
| 3:53 | Crear | Villager (Male) |
| 3:53 | Crear | Villager (Male) |
| 4:08 | Crear | Villager (Male) |
| 4:08 | Crear | Villager (Male) |
| 4:45 | Crear | Villager (Male) |
| 4:45 | Crear | Villager (Male) |
| 4:45 | Crear | Villager (Male) |
| 4:45 | Crear | Villager (Male) |
| 5:12 | Crear | Villager (Male) |
| 5:13 | Crear | Villager (Male) |
| 5:24 | Crear | Villager (Male) |
| 5:24 | Crear | Villager (Male) |
| 5:25 | Crear | Villager (Male) |
| 5:36 | Crear | Villager (Male) |
| 5:37 | Crear | Villager (Male) |
| 5:37 | Crear | Villager (Male) |
| 6:00 | Crear | Villager (Male) |
| 6:01 | Crear | Villager (Male) |
| 7:05 | Crear | Villager (Male) |
| 7:05 | Crear | Villager (Male) |
| 7:06 | Crear | Villager (Male) |
| 7:06 | Crear | Villager (Male) |
| 7:36 | Crear | Villager (Male) |
| 7:36 | Crear | Villager (Male) |
| 8:04 | Crear | Villager (Male) |
| 8:04 | Crear | Villager (Male) |
| 8:04 | Crear | Villager (Male) |
| 8:28 | Construir | Lumber Camp |
| 8:45 | Crear | Villager (Male) |
| 8:45 | Crear | Villager (Male) |
| 8:45 | Crear | Villager (Male) |
| 8:45 | Crear | Villager (Male) |
| 8:46 | Crear | Villager (Male) |
| 8:46 | Crear | Villager (Male) |
| 8:46 | Crear | Villager (Male) |
| 8:46 | Crear | Villager (Male) |
| 8:46 | Crear | Villager (Male) |
| 9:46 | Construir | Mill |
| 10:17 | Crear | Villager (Male) |
| 10:29 | Construir | Lumber Camp |
| 10:57 | Crear | Villager (Male) |
| 11:11 | Construir | Mining Camp |
| 11:33 | Investigar | Feudal Age |
| 11:41 | Construir | Farm |
| 11:42 | Construir | Farm |
| 11:44 | Construir | Farm |
| 11:45 | Construir | Farm |
| 11:47 | Construir | Farm |
| 11:49 | Construir | Farm |
| 12:04 | Crear | Villager (Male) |
| 12:04 | Crear | Villager (Male) |
| 12:04 | Crear | Villager (Male) |
| 13:43 | Edad | Edad Feudal |
| 13:47 | Investigar | Wheelbarrow |
| 13:52 | Construir | Market |
| 14:01 | Construir | Blacksmith |
| 14:12 | Construir | Mining Camp |
| 14:32 | Construir | Stone Wall |
| 15:06 | Crear | Trade Cart |
| 15:32 | Construir | Farm |
| 15:35 | Construir | Farm |
| 16:07 | Investigar | Castle Age |
| 17:21 | Construir | Building 665 |
| 17:32 | Crear | Villager (Male) |
| 17:32 | Crear | Villager (Male) |
| 17:32 | Crear | Villager (Male) |
| 18:53 | Edad | Edad de los Castillos |
| 18:57 | Construir | Town Center |
| 19:04 | Construir | Town Center |
| 19:12 | Construir | Town Center |
| 19:48 | Investigar | Hand Cart |
| 19:51 | Crear | Villager (Male) |
| 19:52 | Crear | Villager (Male) |
| 19:52 | Crear | Villager (Male) |
| 20:45 | Crear | Villager (Male) |
| 20:45 | Crear | Villager (Male) |
| 20:45 | Crear | Villager (Male) |
| 21:06 | Crear | Villager (Male) |
| 21:06 | Crear | Villager (Male) |
| 21:06 | Crear | Villager (Male) |
| 21:06 | Crear | Villager (Male) |
| 21:08 | Crear | Villager (Male) |
| 21:08 | Crear | Villager (Male) |
| 21:50 | Construir | Farm |
| 21:54 | Construir | Farm |
| 22:03 | Crear | Villager (Male) |
| 22:04 | Crear | Villager (Male) |
| 22:04 | Crear | Villager (Male) |
| 22:09 | Crear | Villager (Male) |
| 22:09 | Crear | Villager (Male) |
| 22:09 | Crear | Villager (Male) |
| 22:09 | Crear | Villager (Male) |
| 22:10 | Crear | Villager (Male) |
| 22:10 | Crear | Villager (Male) |
| 22:10 | Crear | Villager (Male) |
| 22:10 | Crear | Villager (Male) |
| 22:25 | Construir | Farm |
| 22:28 | Crear | Villager (Male) |
| 22:28 | Crear | Villager (Male) |
| 22:28 | Crear | Villager (Male) |
| 22:29 | Crear | Villager (Male) |
| 22:29 | Crear | Villager (Male) |
| 22:46 | Construir | Farm |
| 22:49 | Construir | Farm |
| 22:53 | Construir | Farm |
| 22:59 | Construir | Farm |
| 23:00 | Crear | Villager (Male) |
| 23:00 | Crear | Villager (Male) |
| 23:00 | Crear | Villager (Male) |
| 23:01 | Crear | Villager (Male) |
| 23:01 | Crear | Villager (Male) |
| 23:17 | Crear | Villager (Male) |
| 23:17 | Crear | Villager (Male) |
| 23:17 | Crear | Villager (Male) |
| 23:23 | Construir | Farm |
| 23:26 | Construir | Farm |
| 23:30 | Construir | Farm |
| 23:32 | Crear | Villager (Male) |
| 23:32 | Crear | Villager (Male) |
| 23:33 | Crear | Villager (Male) |
| 23:36 | Crear | Villager (Male) |
| 23:37 | Crear | Villager (Male) |
| 23:37 | Crear | Villager (Male) |
| 23:41 | Construir | Farm |
| 23:45 | Construir | Farm |
| 23:47 | Crear | Villager (Male) |
| 23:47 | Crear | Villager (Male) |
| 23:47 | Crear | Villager (Male) |
| 24:00 | Construir | Farm |
| 24:09 | Crear | Villager (Male) |
| 24:09 | Crear | Villager (Male) |
| 24:10 | Crear | Villager (Male) |
| 24:10 | Crear | Villager (Male) |
| 24:14 | Construir | Farm |
| 24:18 | Construir | Farm |
| 24:22 | Crear | Villager (Male) |
Build order — Hinckley-forever
57 acciones detectadas en el replay
| 0:01 | Crear | Villager (Male) |
| 0:01 | Crear | Villager (Male) |
| 0:04 | Construir | House |
| 0:06 | Construir | House |
| 0:26 | Crear | Villager (Male) |
| 0:26 | Crear | Villager (Male) |
| 1:21 | Crear | Villager (Male) |
| 1:39 | Crear | Villager (Male) |
| 1:47 | Construir | Lumber Camp |
| 2:07 | Crear | Villager (Male) |
| 2:39 | Crear | Villager (Male) |
| 2:54 | Construir | House |
| 3:02 | Crear | Villager (Male) |
| 3:38 | Crear | Villager (Male) |
| 3:38 | Crear | Villager (Male) |
| 3:46 | Investigar | Loom |
| 4:14 | Construir | House |
| 4:28 | Crear | Villager (Male) |
| 5:02 | Crear | Villager (Male) |
| 5:27 | Construir | Mill |
| 5:49 | Crear | Villager (Male) |
| 6:09 | Crear | Villager (Male) |
| 6:09 | Crear | Villager (Male) |
| 6:10 | Crear | Villager (Male) |
| 6:34 | Crear | Villager (Male) |
| 6:52 | Construir | Lumber Camp |
| 7:00 | Crear | Villager (Male) |
| 7:23 | Crear | Villager (Male) |
| 7:35 | Construir | Mill |
| 8:14 | Crear | Villager (Male) |
| 8:23 | Construir | Mining Camp |
| 8:45 | Investigar | Feudal Age |
| 8:46 | Crear | Villager (Male) |
| 9:56 | Construir | House |
| 10:32 | Construir | Barracks |
| 10:42 | Crear | Villager (Male) |
| 11:02 | Crear | Villager (Male) |
| 11:24 | Construir | Market |
| 11:52 | Crear | Villager (Male) |
| 11:53 | Crear | Villager (Male) |
| 11:53 | Crear | Villager (Male) |
| 12:06 | Construir | Stable |
| 12:42 | Construir | Farm |
| 13:04 | Construir | House |
| 13:10 | Investigar | Wheelbarrow |
| 13:18 | Construir | Farm |
| 13:25 | Construir | Farm |
| 13:34 | Construir | Watch Tower |
| 13:48 | Crear | Villager (Male) |
| 13:55 | Construir | Farm |
| 14:27 | Investigar | Castle Age |
| 15:10 | Construir | House |
| 15:13 | Construir | House |
| 15:35 | Construir | Stable |
| 15:46 | Crear | Villager (Male) |
| 15:46 | Crear | Villager (Male) |
| 15:53 | Investigar | Double-Bit Axe |
Build order — Oberlellek
Primeras 150 de 333 acciones detectadas
| 0:01 | Crear | Villager (Male) |
| 0:02 | Crear | Villager (Male) |
| 0:02 | Crear | Villager (Male) |
| 0:03 | Construir | House |
| 0:05 | Construir | House |
| 0:34 | Crear | Villager (Male) |
| 1:22 | Crear | Villager (Male) |
| 1:35 | Investigar | Loom |
| 1:47 | Construir | Palisade Wall |
| 2:40 | Construir | Palisade Wall |
| 2:48 | Crear | Villager (Male) |
| 2:48 | Crear | Villager (Male) |
| 3:19 | Construir | Lumber Camp |
| 3:21 | Crear | Villager (Male) |
| 3:54 | Crear | Villager (Male) |
| 4:07 | Crear | Villager (Male) |
| 4:23 | Construir | House |
| 4:54 | Crear | Villager (Male) |
| 4:55 | Crear | Villager (Male) |
| 5:19 | Construir | Mill |
| 6:09 | Construir | House |
| 6:12 | Construir | House |
| 6:15 | Crear | Villager (Male) |
| 6:15 | Crear | Villager (Male) |
| 7:07 | Crear | Villager (Male) |
| 7:07 | Crear | Villager (Male) |
| 7:13 | Construir | Mill |
| 7:19 | Crear | Villager (Male) |
| 7:38 | Crear | Villager (Male) |
| 7:38 | Crear | Villager (Male) |
| 8:29 | Construir | Outpost |
| 8:44 | Crear | Villager (Male) |
| 9:35 | Investigar | Feudal Age |
| 9:46 | Construir | House |
| 9:54 | Construir | House |
| 9:55 | Construir | House |
| 10:58 | Construir | Mill |
| 11:24 | Construir | House |
| 11:35 | Construir | Outpost |
| 11:42 | Crear | Villager (Male) |
| 11:43 | Crear | Villager (Male) |
| 11:47 | Edad | Edad Feudal |
| 12:32 | Construir | Blacksmith |
| 12:40 | Construir | House |
| 12:41 | Construir | House |
| 12:42 | Construir | House |
| 12:42 | Construir | House |
| 12:44 | Crear | Villager (Male) |
| 12:45 | Crear | Villager (Male) |
| 12:45 | Crear | Villager (Male) |
| 13:11 | Crear | Villager (Male) |
| 13:28 | Crear | Villager (Male) |
| 13:58 | Construir | Market |
| 14:33 | Construir | Mining Camp |
| 14:50 | Investigar | Castle Age |
| 15:29 | Crear | Villager (Male) |
| 15:38 | Construir | Lumber Camp |
| 15:49 | Construir | Stone Wall |
| 16:18 | Construir | Stone Wall |
| 16:44 | Investigar | Double-Bit Axe |
| 17:07 | Construir | Stone Wall |
| 17:09 | Crear | Villager (Male) |
| 17:30 | Edad | Edad de los Castillos |
| 18:11 | Construir | Town Center |
| 18:16 | Crear | Villager (Male) |
| 18:39 | Construir | Lumber Camp |
| 19:06 | Crear | Villager (Male) |
| 19:07 | Crear | Villager (Male) |
| 19:15 | Crear | Villager (Male) |
| 19:16 | Crear | Villager (Male) |
| 19:21 | Investigar | Bow Saw |
| 19:33 | Crear | Villager (Male) |
| 19:47 | Crear | Villager (Male) |
| 19:56 | Construir | Farm |
| 19:56 | Construir | Farm |
| 19:56 | Construir | Farm |
| 20:07 | Investigar | Horse Collar |
| 20:16 | Construir | Farm |
| 20:23 | Crear | Villager (Male) |
| 20:30 | Investigar | Heavy Plow |
| 21:11 | Construir | Monastery |
| 21:24 | Construir | Farm |
| 21:24 | Construir | Farm |
| 21:25 | Construir | Farm |
| 21:25 | Construir | Farm |
| 21:35 | Construir | Farm |
| 21:36 | Construir | Farm |
| 21:36 | Construir | Farm |
| 21:36 | Construir | Farm |
| 21:37 | Construir | Farm |
| 21:37 | Construir | Farm |
| 21:41 | Crear | Villager (Male) |
| 22:23 | Crear | Villager (Male) |
| 22:54 | Construir | House |
| 22:57 | Construir | House |
| 22:58 | Construir | House |
| 23:03 | Crear | Villager (Male) |
| 23:04 | Crear | Villager (Male) |
| 23:09 | Crear | Monk |
| 23:14 | Crear | Villager (Male) |
| 23:35 | Construir | Siege Workshop |
| 23:42 | Crear | Villager (Male) |
| 23:48 | Crear | Villager (Male) |
| 23:55 | Construir | Farm |
| 23:56 | Construir | Farm |
| 23:56 | Construir | Farm |
| 23:57 | Construir | Farm |
| 23:57 | Construir | Farm |
| 23:58 | Construir | Farm |
| 24:16 | Construir | Town Center |
| 24:24 | Crear | Villager (Male) |
| 24:25 | Crear | Villager (Male) |
| 24:48 | Crear | Monk |
| 24:51 | Investigar | Sanctity |
| 24:52 | Investigar | Fervor |
| 24:53 | Crear | Villager (Male) |
| 24:54 | Crear | Villager (Male) |
| 25:10 | Crear | Villager (Male) |
| 25:37 | Construir | Town Center |
| 25:53 | Crear | Villager (Male) |
| 25:53 | Crear | Villager (Male) |
| 25:54 | Crear | Villager (Male) |
| 26:05 | Crear | Villager (Male) |
| 26:26 | Crear | Villager (Male) |
| 26:27 | Crear | Villager (Male) |
| 26:40 | Crear | Villager (Male) |
| 27:03 | Crear | Villager (Male) |
| 27:03 | Crear | Villager (Male) |
| 27:03 | Crear | Villager (Male) |
| 27:10 | Construir | Farm |
| 27:11 | Construir | Farm |
| 27:11 | Construir | Farm |
| 27:11 | Construir | Farm |
| 27:11 | Construir | Farm |
| 27:24 | Construir | Farm |
| 27:25 | Construir | Farm |
| 27:25 | Construir | Farm |
| 27:25 | Construir | Farm |
| 27:25 | Construir | Farm |
| 27:26 | Construir | Farm |
| 27:30 | Crear | Villager (Male) |
| 27:31 | Crear | Villager (Male) |
| 27:31 | Crear | Villager (Male) |
| 27:40 | Construir | Mill |
| 27:45 | Construir | Farm |
| 27:45 | Construir | Farm |
| 27:45 | Construir | Farm |
| 27:45 | Construir | Farm |
| 27:45 | Construir | Farm |
| 27:46 | Construir | Farm |
Build order — polmob
Primeras 150 de 360 acciones detectadas
| 0:04 | Investigar | Loom |
| 0:05 | Crear | Villager (Male) |
| 0:06 | Crear | Villager (Male) |
| 0:06 | Crear | Villager (Male) |
| 0:06 | Crear | Villager (Male) |
| 0:06 | Crear | Villager (Male) |
| 0:16 | Construir | House |
| 0:17 | Construir | House |
| 0:18 | Construir | House |
| 0:50 | Construir | Lumber Camp |
| 2:08 | Crear | Villager (Male) |
| 3:04 | Crear | Villager (Male) |
| 3:22 | Construir | Palisade Wall |
| 3:29 | Construir | House |
| 3:41 | Crear | Villager (Male) |
| 4:06 | Crear | Villager (Male) |
| 4:25 | Crear | Villager (Male) |
| 4:42 | Construir | Mill |
| 4:45 | Crear | Villager (Male) |
| 5:09 | Crear | Villager (Male) |
| 5:20 | Construir | House |
| 5:21 | Construir | House |
| 5:30 | Crear | Villager (Male) |
| 6:18 | Crear | Villager (Male) |
| 6:27 | Crear | Villager (Male) |
| 6:50 | Crear | Villager (Male) |
| 7:07 | Construir | Mining Camp |
| 7:21 | Crear | Villager (Male) |
| 7:48 | Crear | Villager (Male) |
| 7:48 | Crear | Villager (Male) |
| 7:48 | Crear | Villager (Male) |
| 8:12 | Construir | Mining Camp |
| 8:25 | Construir | Mill |
| 8:35 | Crear | Villager (Male) |
| 8:35 | Crear | Villager (Male) |
| 8:36 | Crear | Villager (Male) |
| 9:26 | Crear | Villager (Male) |
| 10:03 | Crear | Villager (Male) |
| 10:47 | Construir | Barracks |
| 10:51 | Construir | House |
| 10:52 | Construir | House |
| 11:50 | Investigar | Feudal Age |
| 13:54 | Edad | Edad Feudal |
| 13:57 | Construir | Market |
| 14:08 | Construir | Blacksmith |
| 14:18 | Construir | Stone Wall |
| 14:25 | Construir | Building 487 |
| 15:39 | Investigar | Castle Age |
| 15:50 | Construir | Farm |
| 15:51 | Construir | Farm |
| 15:56 | Construir | Farm |
| 15:58 | Construir | Farm |
| 16:00 | Construir | Farm |
| 16:03 | Construir | Farm |
| 16:43 | Investigar | Horse Collar |
| 16:48 | Construir | Farm |
| 16:50 | Construir | Farm |
| 16:51 | Construir | Farm |
| 16:52 | Construir | Farm |
| 16:54 | Construir | Farm |
| 16:57 | Investigar | Double-Bit Axe |
| 17:45 | Crear | Villager (Male) |
| 17:53 | Crear | Villager (Male) |
| 18:04 | Edad | Edad de los Castillos |
| 18:09 | Construir | Town Center |
| 18:20 | Construir | Town Center |
| 18:47 | Crear | Villager (Male) |
| 19:11 | Crear | Villager (Male) |
| 19:11 | Crear | Villager (Male) |
| 19:19 | Investigar | Bow Saw |
| 19:29 | Crear | Villager (Male) |
| 19:46 | Crear | Villager (Male) |
| 20:05 | Crear | Villager (Male) |
| 20:20 | Construir | Town Center |
| 20:25 | Crear | Villager (Male) |
| 20:26 | Crear | Villager (Male) |
| 20:48 | Crear | Villager (Male) |
| 20:58 | Construir | Town Center |
| 21:02 | Crear | Villager (Male) |
| 21:07 | Crear | Villager (Male) |
| 21:14 | Crear | Villager (Male) |
| 21:37 | Crear | Villager (Male) |
| 21:45 | Construir | University |
| 21:51 | Construir | Monastery |
| 21:57 | Crear | Villager (Male) |
| 22:06 | Construir | Farm |
| 22:08 | Construir | Farm |
| 22:09 | Construir | Farm |
| 22:12 | Construir | Farm |
| 22:20 | Construir | Farm |
| 22:24 | Crear | Villager (Male) |
| 22:28 | Crear | Villager (Male) |
| 22:28 | Crear | Villager (Male) |
| 22:44 | Crear | Villager (Male) |
| 22:51 | Construir | Farm |
| 22:56 | Crear | Villager (Male) |
| 23:09 | Crear | Monk |
| 23:16 | Crear | Villager (Male) |
| 23:17 | Crear | Villager (Male) |
| 23:24 | Construir | Farm |
| 23:27 | Crear | Villager (Male) |
| 23:35 | Construir | Farm |
| 23:45 | Crear | Villager (Male) |
| 23:48 | Crear | Villager (Male) |
| 23:59 | Construir | Farm |
| 24:01 | Construir | Farm |
| 24:03 | Construir | Farm |
| 24:05 | Construir | Farm |
| 24:12 | Construir | Mill |
| 24:18 | Construir | Farm |
| 24:19 | Construir | Farm |
| 24:21 | Construir | Farm |
| 24:24 | Crear | Villager (Male) |
| 24:24 | Crear | Villager (Male) |
| 24:27 | Crear | Villager (Male) |
| 24:28 | Crear | Villager (Male) |
| 24:38 | Construir | House |
| 24:41 | Construir | House |
| 24:42 | Construir | House |
| 24:46 | Construir | House |
| 24:58 | Construir | Castle |
| 25:02 | Crear | Villager (Male) |
| 25:02 | Crear | Villager (Male) |
| 25:07 | Construir | Farm |
| 25:11 | Investigar | Heavy Plow |
| 25:18 | Crear | Villager (Male) |
| 25:21 | Crear | Villager (Male) |
| 25:21 | Crear | Villager (Male) |
| 25:22 | Crear | Villager (Male) |
| 25:55 | Construir | Farm |
| 25:57 | Construir | Farm |
| 26:00 | Construir | Farm |
| 26:04 | Crear | Villager (Male) |
| 26:04 | Crear | Villager (Male) |
| 26:09 | Crear | Villager (Male) |
| 26:13 | Investigar | Wheelbarrow |
| 26:34 | Construir | Siege Workshop |
| 27:08 | Construir | Town Center |
| 27:48 | Investigar | Imperial Age |
| 28:08 | Construir | House |
| 28:09 | Construir | House |
| 28:10 | Construir | House |
| 28:11 | Construir | House |
| 28:13 | Construir | House |
| 28:15 | Construir | House |
| 28:16 | Construir | House |
| 28:17 | Construir | House |
| 28:25 | Crear | Villager (Male) |
| 28:27 | Investigar | Hand Cart |
| 28:28 | Crear | Villager (Male) |
Build order — xanhast
Primeras 150 de 348 acciones detectadas
| 0:02 | Crear | Villager (Male) |
| 0:03 | Construir | House |
| 0:05 | Construir | House |
| 0:27 | Crear | Villager (Male) |
| 0:32 | Crear | Villager (Male) |
| 0:33 | Crear | Villager (Male) |
| 1:45 | Crear | Villager (Male) |
| 1:56 | Construir | Lumber Camp |
| 2:26 | Crear | Villager (Male) |
| 2:27 | Crear | Villager (Male) |
| 3:10 | Crear | Villager (Male) |
| 3:17 | Crear | Villager (Male) |
| 3:49 | Crear | Villager (Male) |
| 4:20 | Construir | Mill |
| 4:22 | Crear | Villager (Male) |
| 4:36 | Crear | Villager (Male) |
| 5:02 | Construir | House |
| 5:50 | Crear | Villager (Male) |
| 5:58 | Crear | Villager (Male) |
| 6:33 | Crear | Villager (Male) |
| 6:56 | Construir | House |
| 7:31 | Construir | Mill |
| 7:40 | Crear | Villager (Male) |
| 8:24 | Crear | Villager (Male) |
| 8:45 | Crear | Villager (Male) |
| 9:07 | Crear | Villager (Male) |
| 9:23 | Crear | Villager (Male) |
| 9:51 | Crear | Villager (Male) |
| 10:18 | Investigar | Loom |
| 10:19 | Crear | Villager (Male) |
| 10:40 | Construir | Mining Camp |
| 10:45 | Construir | House |
| 10:47 | Crear | Villager (Male) |
| 11:11 | Investigar | Feudal Age |
| 12:46 | Crear | Villager (Male) |
| 12:46 | Crear | Villager (Male) |
| 12:57 | Construir | Lumber Camp |
| 13:43 | Edad | Edad Feudal |
| 13:55 | Construir | Blacksmith |
| 14:01 | Construir | Market |
| 14:17 | Investigar | Horse Collar |
| 14:41 | Construir | Mining Camp |
| 14:47 | Investigar | Castle Age |
| 15:30 | Construir | Farm |
| 15:38 | Construir | House |
| 15:50 | Construir | Farm |
| 15:50 | Construir | Farm |
| 15:54 | Construir | Farm |
| 15:55 | Construir | Farm |
| 15:57 | Construir | Farm |
| 16:35 | Crear | Villager (Male) |
| 16:45 | Investigar | Forging |
| 17:27 | Edad | Edad de los Castillos |
| 17:30 | Construir | Farm |
| 17:35 | Construir | Farm |
| 18:04 | Crear | Villager (Male) |
| 18:48 | Crear | Villager (Male) |
| 19:04 | Crear | Trade Cart |
| 19:21 | Construir | Town Center |
| 19:28 | Construir | Town Center |
| 19:39 | Crear | Villager (Male) |
| 20:11 | Crear | Villager (Male) |
| 20:53 | Crear | Villager (Male) |
| 21:01 | Crear | Villager (Male) |
| 21:01 | Crear | Villager (Male) |
| 21:17 | Construir | Castle |
| 21:40 | Crear | Villager (Male) |
| 21:51 | Crear | Villager (Male) |
| 21:51 | Crear | Villager (Male) |
| 22:13 | Crear | Villager (Male) |
| 22:13 | Crear | Villager (Male) |
| 22:40 | Construir | Monastery |
| 22:45 | Construir | University |
| 22:47 | Crear | Villager (Male) |
| 22:48 | Crear | Villager (Male) |
| 22:57 | Investigar | Heavy Plow |
| 22:59 | Crear | Villager (Male) |
| 22:59 | Crear | Villager (Male) |
| 23:02 | Construir | Farm |
| 23:03 | Construir | Farm |
| 23:04 | Construir | Farm |
| 23:05 | Construir | Farm |
| 23:25 | Construir | Mining Camp |
| 23:33 | Crear | Monk |
| 23:42 | Crear | Villager (Male) |
| 23:43 | Crear | Villager (Male) |
| 23:55 | Crear | Villager (Male) |
| 23:55 | Crear | Villager (Male) |
| 24:02 | Crear | Monk |
| 24:11 | Construir | House |
| 24:12 | Construir | House |
| 24:12 | Construir | House |
| 24:27 | Construir | Building 665 |
| 24:32 | Construir | Building 487 |
| 24:35 | Construir | Stone Wall |
| 24:35 | Construir | Stone Wall |
| 24:37 | Construir | Stone Wall |
| 24:50 | Construir | Mining Camp |
| 24:54 | Crear | Villager (Male) |
| 24:55 | Crear | Villager (Male) |
| 25:02 | Investigar | Gold Mining |
| 25:06 | Crear | Villager (Male) |
| 25:06 | Crear | Villager (Male) |
| 25:13 | Construir | Farm |
| 25:15 | Construir | Farm |
| 25:17 | Construir | Farm |
| 25:17 | Construir | Farm |
| 25:56 | Crear | Villager (Male) |
| 25:57 | Crear | Villager (Male) |
| 25:57 | Crear | Villager (Male) |
| 26:21 | Construir | Palisade Wall |
| 26:25 | Crear | Villager (Male) |
| 26:27 | Crear | Villager (Male) |
| 26:55 | Investigar | Imperial Age |
| 27:22 | Construir | Farm |
| 27:23 | Construir | Farm |
| 27:27 | Crear | Villager (Male) |
| 27:40 | Crear | Villager (Male) |
| 28:19 | Construir | Barracks |
| 28:31 | Construir | Castle |
| 28:45 | Construir | House |
| 28:52 | Crear | Villager (Male) |
| 28:54 | Investigar | Wheelbarrow |
| 29:16 | Construir | Stable |
| 29:17 | Construir | Stable |
| 29:19 | Construir | Stable |
| 29:20 | Construir | Stable |
| 29:24 | Crear | Villager (Male) |
| 29:24 | Crear | Villager (Male) |
| 29:35 | Crear | Villager (Male) |
| 29:54 | Investigar | Pikeman (upgrade) |
| 29:58 | Investigar | Squires |
| 30:05 | Edad | Edad Imperial |
| 30:11 | Crear | Villager (Male) |
| 30:12 | Crear | Villager (Male) |
| 30:33 | Crear | Battle Elephant |
| 30:39 | Investigar | Hand Cart |
| 30:44 | Crear | Villager (Male) |
| 30:50 | Construir | Farm |
| 30:51 | Construir | Farm |
| 30:52 | Construir | Farm |
| 31:18 | Construir | Building 487 |
| 31:25 | Construir | Watch Tower |
| 31:53 | Investigar | Manipur Cavalry |
| 32:13 | Construir | Archery Range |
| 32:18 | Investigar | Halberdier (upgrade) |
| 32:20 | Crear | Spearman |
| 32:26 | Construir | Barracks |
| 32:28 | Construir | Barracks |
| 32:34 | Crear | Villager (Male) |
Build order — CastleAge
Primeras 150 de 385 acciones detectadas
| 0:03 | Crear | Villager (Male) |
| 0:05 | Construir | House |
| 0:07 | Construir | House |
| 0:17 | Investigar | Loom |
| 0:18 | Crear | Villager (Male) |
| 0:18 | Crear | Villager (Male) |
| 0:24 | Crear | Villager (Male) |
| 1:31 | Crear | Villager (Male) |
| 2:03 | Crear | Villager (Male) |
| 2:18 | Construir | Settlement |
| 2:29 | Crear | Villager (Male) |
| 3:15 | Crear | Villager (Male) |
| 3:15 | Crear | Villager (Male) |
| 4:10 | Crear | Villager (Male) |
| 4:25 | Crear | Villager (Male) |
| 5:20 | Crear | Villager (Male) |
| 5:21 | Crear | Villager (Male) |
| 5:26 | Construir | Settlement |
| 6:11 | Crear | Villager (Male) |
| 6:34 | Crear | Villager (Male) |
| 6:35 | Crear | Villager (Male) |
| 6:58 | Construir | House |
| 7:02 | Construir | Palisade Wall |
| 7:09 | Investigar | Loom |
| 7:15 | Construir | Palisade Wall |
| 7:26 | Construir | Palisade Wall |
| 7:52 | Crear | Villager (Male) |
| 7:52 | Crear | Villager (Male) |
| 8:54 | Investigar | Feudal Age |
| 11:04 | Edad | Edad Feudal |
| 11:09 | Investigar | Wheelbarrow |
| 11:25 | Construir | Market |
| 11:39 | Construir | Blacksmith |
| 13:16 | Investigar | Castle Age |
| 13:34 | Investigar | Double-Bit Axe |
| 15:11 | Crear | Trade Cart |
| 15:56 | Edad | Edad de los Castillos |
| 16:03 | Construir | Town Center |
| 16:13 | Construir | Town Center |
| 16:23 | Crear | Villager (Male) |
| 16:24 | Crear | Villager (Male) |
| 16:25 | Crear | Villager (Male) |
| 16:25 | Crear | Villager (Male) |
| 17:06 | Crear | Villager (Male) |
| 17:06 | Crear | Villager (Male) |
| 17:16 | Construir | Farm |
| 17:17 | Construir | Farm |
| 17:21 | Construir | Farm |
| 17:21 | Construir | Farm |
| 17:21 | Construir | Farm |
| 17:22 | Construir | Farm |
| 17:22 | Construir | Farm |
| 17:22 | Construir | Farm |
| 17:27 | Crear | Villager (Male) |
| 17:27 | Crear | Villager (Male) |
| 17:34 | Crear | Villager (Male) |
| 17:35 | Crear | Villager (Male) |
| 17:42 | Crear | Villager (Male) |
| 18:05 | Crear | Villager (Male) |
| 18:37 | Crear | Villager (Male) |
| 18:37 | Crear | Villager (Male) |
| 18:50 | Crear | Villager (Male) |
| 18:52 | Crear | Villager (Male) |
| 19:02 | Construir | Town Center |
| 19:06 | Crear | Villager (Male) |
| 19:13 | Construir | Farm |
| 19:18 | Crear | Villager (Male) |
| 19:25 | Crear | Villager (Male) |
| 19:29 | Construir | Farm |
| 19:37 | Crear | Villager (Male) |
| 19:46 | Construir | Farm |
| 19:50 | Crear | Villager (Male) |
| 19:55 | Crear | Villager (Male) |
| 19:55 | Crear | Villager (Male) |
| 20:05 | Construir | Farm |
| 20:08 | Construir | Farm |
| 20:13 | Construir | Farm |
| 20:29 | Construir | House |
| 20:33 | Crear | Villager (Male) |
| 20:33 | Crear | Villager (Male) |
| 20:37 | Crear | Villager (Male) |
| 20:47 | Construir | Farm |
| 20:48 | Construir | Farm |
| 20:48 | Construir | Farm |
| 20:48 | Construir | Farm |
| 20:49 | Construir | Farm |
| 20:49 | Construir | Farm |
| 20:57 | Construir | Farm |
| 21:00 | Crear | Villager (Male) |
| 21:03 | Crear | Villager (Male) |
| 21:29 | Crear | Villager (Male) |
| 21:29 | Crear | Villager (Male) |
| 21:29 | Crear | Villager (Male) |
| 21:30 | Crear | Villager (Male) |
| 21:37 | Construir | Town Center |
| 21:43 | Crear | Villager (Male) |
| 21:50 | Construir | Farm |
| 21:55 | Construir | Farm |
| 21:58 | Construir | Farm |
| 22:02 | Construir | Farm |
| 22:04 | Construir | Farm |
| 22:06 | Crear | Villager (Male) |
| 22:07 | Crear | Villager (Male) |
| 22:07 | Crear | Villager (Male) |
| 22:07 | Crear | Villager (Male) |
| 22:26 | Crear | Villager (Male) |
| 22:26 | Crear | Villager (Male) |
| 22:27 | Crear | Villager (Male) |
| 22:27 | Crear | Villager (Male) |
| 22:56 | Crear | Villager (Male) |
| 22:56 | Crear | Villager (Male) |
| 22:56 | Crear | Villager (Male) |
| 22:57 | Crear | Villager (Male) |
| 22:57 | Crear | Villager (Male) |
| 22:57 | Crear | Villager (Male) |
| 23:01 | Construir | Farm |
| 23:02 | Construir | Farm |
| 23:02 | Construir | Farm |
| 23:03 | Construir | Farm |
| 23:03 | Construir | Farm |
| 23:03 | Construir | Farm |
| 23:04 | Construir | Farm |
| 23:09 | Crear | Villager (Male) |
| 23:09 | Crear | Villager (Male) |
| 23:15 | Crear | Villager (Male) |
| 23:15 | Crear | Villager (Male) |
| 23:24 | Crear | Villager (Male) |
| 23:30 | Crear | Villager (Male) |
| 23:31 | Crear | Villager (Male) |
| 23:38 | Crear | Villager (Male) |
| 23:42 | Crear | Villager (Male) |
| 23:46 | Crear | Villager (Male) |
| 24:05 | Construir | House |
| 24:07 | Construir | House |
| 24:09 | Construir | House |
| 24:16 | Crear | Villager (Male) |
| 24:16 | Crear | Villager (Male) |
| 24:16 | Crear | Villager (Male) |
| 24:17 | Crear | Villager (Male) |
| 24:29 | Construir | Farm |
| 24:30 | Construir | Farm |
| 24:30 | Construir | Farm |
| 24:30 | Construir | Farm |
| 24:31 | Construir | Farm |
| 24:31 | Construir | Farm |
| 24:31 | Construir | Farm |
| 24:38 | Investigar | Bow Saw |
| 24:43 | Crear | Villager (Male) |
| 24:43 | Crear | Villager (Male) |
| 24:44 | Crear | Villager (Male) |
Build order — Yogsothoth
Primeras 150 de 261 acciones detectadas
| 0:07 | Construir | House |
| 0:13 | Construir | House |
| 1:50 | Construir | Lumber Camp |
| 1:54 | Crear | Villager (Male) |
| 1:54 | Crear | Villager (Male) |
| 2:00 | Crear | Villager (Male) |
| 2:00 | Crear | Villager (Male) |
| 4:44 | Crear | Villager (Male) |
| 5:14 | Crear | Villager (Male) |
| 5:14 | Crear | Villager (Male) |
| 5:14 | Crear | Villager (Male) |
| 5:14 | Crear | Villager (Male) |
| 5:15 | Crear | Villager (Male) |
| 5:15 | Crear | Villager (Male) |
| 5:15 | Crear | Villager (Male) |
| 5:15 | Crear | Villager (Male) |
| 5:29 | Construir | Palisade Wall |
| 6:33 | Construir | Palisade Wall |
| 7:31 | Construir | Mill |
| 7:34 | Crear | Villager (Male) |
| 7:34 | Crear | Villager (Male) |
| 7:34 | Crear | Villager (Male) |
| 7:34 | Crear | Villager (Male) |
| 7:44 | Construir | Palisade Wall |
| 8:27 | Crear | Villager (Male) |
| 8:46 | Construir | Palisade Wall |
| 9:14 | Construir | Mining Camp |
| 9:39 | Construir | Palisade Wall |
| 10:52 | Investigar | Feudal Age |
| 10:53 | Investigar | Feudal Age |
| 11:20 | Construir | House |
| 12:54 | Crear | Villager (Male) |
| 12:55 | Crear | Villager (Male) |
| 12:55 | Crear | Villager (Male) |
| 12:56 | Crear | Villager (Male) |
| 13:02 | Edad | Edad Feudal |
| 13:05 | Investigar | Double-Bit Axe |
| 13:16 | Construir | Stone Wall |
| 14:05 | Construir | Blacksmith |
| 15:00 | Construir | Market |
| 15:08 | Crear | Villager (Male) |
| 15:09 | Crear | Villager (Male) |
| 15:20 | Construir | Stone Wall |
| 17:46 | Investigar | Castle Age |
| 18:08 | Construir | Lumber Camp |
| 18:57 | Construir | Farm |
| 18:57 | Construir | Farm |
| 18:57 | Construir | Farm |
| 18:58 | Construir | Farm |
| 18:58 | Construir | Farm |
| 18:58 | Construir | Farm |
| 18:59 | Construir | Farm |
| 18:59 | Construir | Farm |
| 18:59 | Construir | Farm |
| 20:26 | Edad | Edad de los Castillos |
| 20:28 | Construir | Farm |
| 20:29 | Construir | Farm |
| 20:30 | Construir | Farm |
| 20:31 | Construir | Farm |
| 20:36 | Investigar | Loom |
| 20:36 | Crear | Villager (Male) |
| 20:37 | Crear | Villager (Male) |
| 20:37 | Crear | Villager (Male) |
| 20:38 | Crear | Villager (Male) |
| 21:13 | Investigar | Bow Saw |
| 21:18 | Crear | Villager (Male) |
| 22:30 | Construir | Mining Camp |
| 22:39 | Investigar | Gold Mining |
| 22:40 | Investigar | Stone Mining |
| 23:31 | Construir | Town Center |
| 24:36 | Investigar | Gold Shaft Mining |
| 24:37 | Investigar | Stone Shaft Mining |
| 24:49 | Investigar | Wheelbarrow |
| 25:13 | Construir | House |
| 25:14 | Construir | House |
| 25:14 | Construir | House |
| 25:14 | Construir | House |
| 25:15 | Construir | House |
| 25:20 | Crear | Villager (Male) |
| 25:20 | Crear | Villager (Male) |
| 25:21 | Crear | Villager (Male) |
| 25:21 | Crear | Villager (Male) |
| 25:21 | Crear | Villager (Male) |
| 25:54 | Construir | Town Center |
| 26:14 | Crear | Villager (Male) |
| 26:14 | Crear | Villager (Male) |
| 26:15 | Crear | Villager (Male) |
| 26:15 | Crear | Villager (Male) |
| 26:15 | Crear | Villager (Male) |
| 26:32 | Construir | Market |
| 26:40 | Construir | House |
| 26:40 | Construir | House |
| 26:40 | Construir | House |
| 26:40 | Construir | House |
| 26:41 | Construir | House |
| 26:41 | Construir | House |
| 26:42 | Construir | House |
| 26:42 | Construir | House |
| 26:42 | Construir | House |
| 26:42 | Construir | House |
| 26:55 | Construir | Monastery |
| 27:32 | Construir | Farm |
| 27:34 | Construir | Farm |
| 27:40 | Construir | Farm |
| 27:45 | Crear | Villager (Male) |
| 27:45 | Crear | Villager (Male) |
| 27:46 | Crear | Villager (Male) |
| 27:47 | Crear | Villager (Male) |
| 28:16 | Crear | Monk |
| 28:16 | Crear | Monk |
| 28:37 | Crear | Villager (Male) |
| 28:38 | Crear | Villager (Male) |
| 28:38 | Crear | Villager (Male) |
| 28:38 | Crear | Villager (Male) |
| 28:38 | Crear | Villager (Male) |
| 28:44 | Crear | Villager (Male) |
| 28:44 | Crear | Villager (Male) |
| 28:44 | Crear | Villager (Male) |
| 28:44 | Crear | Villager (Male) |
| 28:45 | Crear | Villager (Male) |
| 28:45 | Crear | Villager (Male) |
| 29:04 | Construir | University |
| 29:08 | Crear | Villager (Male) |
| 29:08 | Crear | Villager (Male) |
| 29:29 | Crear | Villager (Male) |
| 29:29 | Crear | Villager (Male) |
| 29:30 | Crear | Villager (Male) |
| 29:30 | Crear | Villager (Male) |
| 29:30 | Crear | Villager (Male) |
| 29:32 | Construir | Farm |
| 29:54 | Construir | Farm |
| 29:56 | Construir | Farm |
| 30:02 | Construir | Farm |
| 30:05 | Construir | Farm |
| 30:15 | Construir | Farm |
| 30:28 | Construir | Farm |
| 30:30 | Construir | Farm |
| 30:37 | Construir | Farm |
| 30:42 | Construir | Farm |
| 31:01 | Construir | House |
| 31:01 | Construir | House |
| 31:02 | Construir | House |
| 31:02 | Construir | House |
| 31:02 | Construir | House |
| 31:02 | Construir | House |
| 31:03 | Construir | House |
| 31:03 | Construir | House |
| 31:03 | Construir | House |
| 31:08 | Investigar | Horse Collar |
| 32:02 | Construir | Farm |
Build order — Newton
49 acciones detectadas en el replay
| 0:05 | Investigar | Loom |
| 0:06 | Crear | Villager (Male) |
| 0:07 | Crear | Villager (Male) |
| 0:07 | Crear | Villager (Male) |
| 0:08 | Crear | Villager (Male) |
| 0:13 | Construir | House |
| 1:17 | Construir | Palisade Wall |
| 2:01 | Construir | House |
| 2:38 | Construir | Palisade Wall |
| 3:12 | Construir | House |
| 3:37 | Crear | Villager (Male) |
| 3:37 | Crear | Villager (Male) |
| 3:47 | Crear | Villager (Male) |
| 3:58 | Construir | Palisade Gate |
| 4:20 | Construir | Palisade Wall |
| 4:35 | Crear | Villager (Male) |
| 5:04 | Crear | Villager (Male) |
| 5:37 | Construir | Palisade Wall |
| 5:42 | Crear | Villager (Male) |
| 6:43 | Construir | Lumber Camp |
| 6:55 | Crear | Villager (Male) |
| 6:55 | Crear | Villager (Male) |
| 8:13 | Construir | Mill |
| 8:18 | Crear | Villager (Male) |
| 8:18 | Crear | Villager (Male) |
| 8:19 | Crear | Villager (Male) |
| 8:34 | Construir | Lumber Camp |
| 8:43 | Crear | Villager (Male) |
| 9:16 | Construir | House |
| 9:41 | Crear | Villager (Male) |
| 9:41 | Crear | Villager (Male) |
| 9:42 | Crear | Villager (Male) |
| 9:42 | Crear | Villager (Male) |
| 9:53 | Construir | House |
| 10:28 | Construir | Mining Camp |
| 10:48 | Crear | Villager (Male) |
| 11:33 | Construir | Mining Camp |
| 12:03 | Crear | Villager (Male) |
| 12:04 | Crear | Villager (Male) |
| 12:05 | Crear | Villager (Male) |
| 12:05 | Crear | Villager (Male) |
| 12:06 | Crear | Villager (Male) |
| 13:00 | Construir | House |
| 13:37 | Construir | House |
| 14:39 | Investigar | Feudal Age |
| 16:03 | Construir | House |
| 16:20 | Construir | Farm |
| 16:32 | Construir | Farm |
| 16:49 | Edad | Edad Feudal |
Cronología de la partida
| 0:12 | DjDsque · wall_segment Palisade Wall x7 |
| 1:17 | Newton · wall_segment Palisade Wall x10 |
| 1:47 | Oberlellek · wall_segment Palisade Wall x3 |
| 2:38 | Newton · wall_segment Palisade Wall x14 |
| 2:40 | Oberlellek · wall_segment Palisade Wall x11 |
| 3:22 | polmob · wall_segment Palisade Wall x11 |
| 4:20 | Newton · wall_segment Palisade Wall x7 |
| 5:29 | Yogsothoth · wall_segment Palisade Wall x12 |
| 5:37 | Newton · wall_segment Palisade Wall x7 |
| 6:33 | Yogsothoth · wall_segment Palisade Wall x9 |
| 7:02 | CastleAge · wall_segment Palisade Wall x1 |
| 7:15 | CastleAge · wall_segment Palisade Wall x1 |
| 7:26 | CastleAge · wall_segment Palisade Wall x1 |
| 7:44 | Yogsothoth · wall_segment Palisade Wall x3 |
| 8:46 | Yogsothoth · wall_segment Palisade Wall x1 |
| 9:39 | Yogsothoth · wall_segment Palisade Wall x10 |
| 10:32 | Hinckley-forever · first_building Barracks |
| 10:47 | polmob · first_building Barracks |
| 11:04 | CastleAge · age_up feudal |
| 11:47 | Oberlellek · age_up feudal |
| 12:06 | Hinckley-forever · first_building Stable |
| 13:02 | Yogsothoth · age_up feudal |
| 13:16 | Yogsothoth · wall_segment Stone Wall x11 |
| 13:43 | xanhast · age_up feudal |
| 13:43 | DjDsque · age_up feudal |
| 13:54 | polmob · age_up feudal |
| 14:18 | polmob · wall_segment Stone Wall x9 |
| 14:25 | Hinckley-forever · first_market_buy 100 food |
| 14:32 | DjDsque · wall_segment Stone Wall x8 |
| 15:20 | Yogsothoth · wall_segment Stone Wall x10 |
| 15:49 | Oberlellek · wall_segment Stone Wall x12 |
| 15:56 | CastleAge · age_up castle |
| 16:18 | Oberlellek · wall_segment Stone Wall x3 |
| 16:46 | Hinckley-forever · resign |
| 16:49 | Newton · age_up feudal |
| 17:07 | Oberlellek · wall_segment Stone Wall x5 |
| 17:27 | xanhast · age_up castle |
| 17:30 | Oberlellek · age_up castle |
| 18:04 | polmob · age_up castle |
| 18:53 | DjDsque · age_up castle |
| 20:26 | Yogsothoth · age_up castle |
| 20:33 | xanhast · first_market_buy 100 stone |
| 21:11 | Oberlellek · first_building Monastery |
| 21:17 | xanhast · first_building Castle |
| 21:51 | polmob · first_building Monastery |
| 22:40 | xanhast · first_building Monastery |
| 23:35 | Oberlellek · first_building Siege Workshop |
| 24:35 | xanhast · wall_segment Stone Wall x1 |
| 24:35 | xanhast · wall_segment Stone Wall x1 |
| 24:37 | xanhast · wall_segment Stone Wall x1 |
| 24:58 | polmob · first_building Castle |
| 26:21 | xanhast · wall_segment Palisade Wall x5 |
| 26:34 | polmob · first_building Siege Workshop |
| 26:37 | DjDsque · first_building Castle |
| 26:55 | Yogsothoth · first_building Monastery |
| 27:27 | DjDsque · wall_segment Stone Wall x2 |
| 28:15 | Oberlellek · wall_segment Stone Wall x1 |
| 28:19 | xanhast · first_building Barracks |
| 28:57 | Oberlellek · first_market_sell 500 wood |
| 29:16 | xanhast · first_building Stable |
| 29:18 | CastleAge · first_building Monastery |
| 29:34 | Oberlellek · first_building Castle |
| 29:40 | Yogsothoth · first_market_buy 100 wood |
| 29:53 | Oberlellek · wall_segment Stone Wall x1 |
| 30:05 | xanhast · age_up imperial |
| 30:33 | polmob · age_up imperial |
| 30:38 | CastleAge · first_building Castle |
| 30:45 | DjDsque · first_building Barracks |
| 31:25 | Oberlellek · first_building Barracks |
| 32:13 | CastleAge · first_building Barracks |
| 32:13 | xanhast · first_building Archery Range |
| 32:42 | DjDsque · age_up imperial |
| 32:46 | DjDsque · first_building Stable |
| 33:05 | CastleAge · first_building Siege Workshop |
| 33:38 | polmob · first_building Stable |
| 33:52 | CastleAge · age_up imperial |
| 34:22 | Yogsothoth · first_building Siege Workshop |
| 34:56 | Oberlellek · age_up imperial |
| 35:20 | polmob · first_building Archery Range |
| 35:22 | Yogsothoth · age_up imperial |
| 35:39 | CastleAge · first_market_sell 100 food |
| 37:39 | Yogsothoth · first_building Castle |
[ ANÁLISIS IA · 1 CRÉDITO ]
¿Qué pasó realmente en esta partida?
Wolo.gg analiza cada decisión: build order, eco, micro, errores típicos por bracket. Análisis personalizado por WhatsApp o Discord en 30 segundos.
Guía civ
Hunos
Guía mapa
Black Forest
Perfil
DjDsque